 Dungeon Crawl Stone Soup version 0.21.1-1-g345015fe64 (webtiles) character file.

665 Lilium213 the Slasher (level 7, 0/37 HPs)
             Began as a Vine Stalker Fighter on May 31, 2018.
             Slain by a bullfrog (1 damage)
             ... on level 7 of the Dungeon on June 4, 2018.
             The game lasted 00:12:23 (1431 turns).

Lilium213 the Slasher (Vine Stalker Fighter)        Turns: 1431, Time: 00:12:23

Health: 0/37       AC:  7    Str: 20    XL:     7   Next: 57%
Magic:  0/8        EV:  8    Int:  8    God:
Gold:   41         SH:  9    Dex: 14    Spells: 6/6 levels left

rFire    . . .     SeeInvis .   a - +0 long sword
rCold    + . .     Gourm    .   c - +0 shield
rNeg     . . .     Faith    .   b - +0 scale mail
rPois    .         Spirit   +   (no helmet)
rElec    .         Reflect  .   (no cloak)
rCorr    .         Harm     .   (no gloves)
MR       .....                  (no boots)
Stlth    ..........             l - amulet of rage
HPRegen  0.52/turn              i - ring of protection from cold
MPRegen  0.11/turn              (no ring)

@: no status effects
A: fangs 2, regeneration 1, magic shield, antimagic bite, no potion heal 3, rot
immunity
a: Evoke Berserk Rage


You were on level 7 of the Dungeon.
You were not hungry.

You visited 1 branch of the dungeon, and saw 7 of its levels.

You collected 41 gold pieces.

Inventory:

Hand Weapons
 a - a +0 long sword (weapon)
 k - a +0 halberd
Armour
 b - a +0 scale mail (worn)
 c - a +0 shield (worn)
 m - a +0 ring mail
Jewellery
 i - a ring of protection from cold (left hand)
 l - an amulet of rage (around neck)
Wands
 h - a wand of polymorph (9)
Scrolls
 n - 2 scrolls of remove curse
 o - a scroll of enchant weapon {unknown}
Potions
 d - a potion of might
 e - 3 potions of curing {unknown}
 g - a potion of berserk rage {unknown}
 j - a potion of resistance {unknown}
Comestibles
 f - 3 rations


   Skills:
 + Level 4.1 Fighting
 + Level 4.3 Long Blades
 + Level 4.1 Armour
 + Level 1.6 Dodging
 + Level 0.4 Stealth
 + Level 3.8 Shields
 + Level 0.3 Evocations


You had 6 spell levels left.
You didn't know any spells.

Dungeon Overview and Level Annotations

Branches:
Dungeon (7/15)
 Temple: D:4-7

Altars:

Shops:
D:4 !


Innate Abilities, Weirdness & Mutations

You have extremely sharp teeth.
Your natural rate of healing is unusually fast.
When hurt, damage is shared between your health and your magic reserves.
Your bite disrupts and absorbs the magic of your enemies.
Potions cannot restore your health.
You are immune to rotting.


Message History

You block the orc warrior's attack. The orc hits you but does no damage.
You block the bullfrog's attack.
The leopard gecko bites you but does no damage.
You block the orc's attack.
You closely miss the leopard gecko. You block the bullfrog's attack.
The orc warrior completely misses you. The orc hits you with a falchion.
You block the leopard gecko's attack. The bullfrog hits you.
The orc hits you with a war axe! The orc warrior barely misses you.
The orc hits you with a mace.
* * * LOW HITPOINT WARNING * * *
You hit the leopard gecko.
You bite the leopard gecko, but do no damage.
The leopard gecko is severely wounded.
The bullfrog hits you but does no damage.
You block the leopard gecko's attack. The orc barely misses you.
The orc closely misses you.
The orc warrior hits you with a short sword!
* * * LOW HITPOINT WARNING * * *
The bullfrog hits you.
You die...

#..........#..
#............
#.....b.....
#..........
........
.....#


#ooo# #o@# #%.lF# #....# #..... #..... #...... #...### #).. You could see an orc
warrior, a bullfrog, 3 orcs and a leopard gecko.

Vanquished Creatures
  Menkaure (D:6)
  A phantom (D:6)
  Blork the orc (D:6)
  2 bullfrogs (D:6)
  A crimson imp (D:5)
  A hound (D:6)
  An orc wizard (D:6)
  3 worker ants (D:6)
  4 gnolls
  2 adders
  A howler monkey skeleton (D:7)
  An ooze (D:2)
  A dart slug (D:1)
  2 leopard geckos
  2 orcs
  3 goblins
  6 hobgoblins (D:1)
  3 jackals (D:1)
  A quokka (D:6)
  A ball python (D:1)
  6 bats (D:1)
  3 kobolds
  A leopard gecko zombie (D:5)
  4 rats
52 creatures vanquished.

Notes
Turn   | Place    | Note
-------+----------+-------------------------------------------
     0 | D:1      | Lilium213 the Vine Stalker Fighter began the quest for the Orb.
     0 | D:1      | Reached XP level 1. HP: 11/11 MP: 2/2
    25 | D:1      | Reached XP level 2. HP: 7/16 MP: 1/3
   338 | D:1      | Reached XP level 3. HP: 18/20 MP: 4/4
   522 | D:1      | You fall through a shaft!
   659 | D:2      | Gained mutation: Your natural rate of healing is unusually fast. [Vine Stalker growth]
   659 | D:2      | Reached XP level 4. HP: 24/24 MP: 5/5
   666 | D:2      | Reached skill level 1 in Dodging
   737 | D:4      | Found Asomp's Distillery.
   750 | D:5      | Entered Level 5 of the Dungeon
   800 | D:5      | Reached XP level 5. HP: 28/28 MP: 6/6
   819 | D:5      | Noticed an ogre
   823 | D:6      | Noticed a phantom
   872 | D:6      | Killed a phantom
   930 | D:6      | Reached XP level 6. HP: 23/32 MP: 7/7
  1241 | D:6      | Reached XP level 7. HP: 34/37 MP: 6/8
  1319 | D:6      | Noticed Blork the orc
  1325 | D:6      | Noticed Menkaure
  1326 | D:6      | Killed Blork the orc
  1336 | D:6      | Killed Menkaure
  1431 | D:7      | HP: 1/37 [orc warrior/short sword (8)]
  1431 | D:7      | Slain by a bullfrog

Skill      XL: |  1  2  3  4  5  6  7 |
---------------+----------------------+-----
Fighting       | 3 4 |  4.1
Long Blades    | 2 3 4 |  4.3
Shields        | 3 |  3.8
Armour         | 3 4 |  4.1
Dodging        | 1 |  1.6
Stealth        | |  0.4
Evocations     | |  0.3

Action                   |  1- 3 |  4- 6 |  7- 9 || total
-------------------------+-------+-------+-------++-------
Melee: Long sword        |    55 |    84 |    21 ||   160
       Bite              |    22 |    21 |     8 ||    51
 Abil: Evoke Berserk Rag |     1 |       |       ||     1
  Use: Scroll            |     1 |       |       ||     1
  Eat: Chunk             |       |     2 |     1 ||     3
Armor: Scale mail        |    34 |    24 |     7 ||    65
Dodge: Dodged            |    26 |    33 |    10 ||    69
Block: Shield            |    39 |    39 |    19 ||    97
       Rpst.: Long sword |     8 |     9 |     2 ||    19
